 Dungeon Crawl Stone Soup version 0.25.1-1-g288607f5aa (webtiles) character file.

Game seed: 4153133755464344795

11389 Ijustatesigmund the Fighter (level 11, -2/87 HPs)
             Began as an Octopode Gladiator on July 21, 2020.
             Was an Elder of Cheibriados.
             Slain by an unseen horror (6 damage)
             ... on level 11 of the Dungeon.
             The game lasted 00:26:08 (17034 turns).

Ijustatesigmund the Fighter (Octopode Gladiator)   Turns: 17034, Time: 00:26:09

Health: -2/87      AC:  3    Str: 23    XL:     11   Next: 77%
Magic:  0/16       EV: 20    Int: 20    God:    Cheibriados [****..]
Gold:   569        SH:  0    Dex: 25    Spells: 10/10 levels left

rFire    . . .     SeeInvis .   a - +3 war axe (flame)
rCold    . . .     Gourm    .   (no shield)
rNeg     . . .     Faith    .   b - +2 hat
rPois    .         Spirit   +   y - amulet of guardian spirit
rElec    .         Reflect  .   q - ring of protection from magic (curse)
rCorr    .         Harm     .   (no ring)
MR       +....                  (no ring)
Stlth    +++.......             (no ring)
HPRegen  0.24/turn              (no ring)
MPRegen  0.15/turn              (no ring)
                                (no ring)
                                (no ring)

@: very slow
A: almost no armour, stealthy swim, amphibious, 8 rings, constrict 8, camouflage
1, gelatinous body 1
a: Bend Time, Temporal Distortion, Slouch, Renounce Religion


You were on level 11 of the Dungeon.
You worshipped Cheibriados.
Cheibriados was greatly pleased with you.
You were very hungry.

You visited 2 branches of the dungeon, and saw 12 of its levels.
You also visited: Sewer and Ossuary.

You collected 569 gold pieces.

Inventory:

Hand Weapons
 a - a +3 war axe of flaming (weapon)
Missiles
 c - 10 throwing nets (quivered)
Armour
 b - a +2 hat (worn)
Jewellery
 j - an uncursed amulet of magic regeneration
 q - a cursed ring of protection from magic (left tentacle)
 y - an amulet of guardian spirit (around mantle)
Wands
 f - a wand of flame (10)
 p - a wand of digging (4)
 u - a wand of acid (4)
 x - a wand of paralysis (1)
Scrolls
 l - a scroll of teleportation
 m - 3 scrolls of amnesia
 n - 2 scrolls of identify
 o - 4 scrolls of remove curse
 s - a scroll of fog
 B - a scroll of enchant armour
 C - a scroll of magic mapping
Potions
 e - a potion of resistance
 h - 3 potions of flight
 i - 2 potions of stabbing
 k - 2 potions of invisibility
 r - 4 potions of brilliance
 t - a potion of lignification
 v - 2 potions of magic
 w - 3 potions of ambrosia
 z - 3 potions of curing
Comestibles
 d - 14 rations


   Skills:
 - Level 12.9 Fighting
 + Level 10.9 Axes
 - Level 2.0 Throwing
 - Level 7.3 Dodging
 - Level 0.2 Stealth
 + Level 7.5 Invocations


You had 10 spell levels left.
You didn't know any spells.
Your spell library contained the following spells:

 Spells                   Type           Power        Failure   Level  Hunger
 Beastly Appendage        Tmut           #.....       19%         1    ##.....
 Corona                   Hex            #......      19%         1    ##.....
 Ensorcelled Hibernation  Hex/Ice        #.....       28%         2    ###....
 Song of Slaying          Chrm           #.......     28%         2    ###....
 Sticks to Snakes         Tmut           #.......     28%         2    ###....
 Confusing Touch          Hex            #.......     50%         3    ####...
 Dazzling Flash           Conj/Hex       #.....       50%         3    ####...
 Ozocubu's Armour         Chrm/Ice       #.......     50%         3    ####...
 Spider Form              Tmut/Pois      #.........   50%         3    ####...
 Tukima's Dance           Hex            #.......     50%         3    ####...
 Ice Form                 Ice/Tmut       #.......     88%         4    #####..
 Blade Hands              Tmut           #.........   99%         5    ######.
 Lee's Rapid Deconstruct  Erth           #.........   99%         5    ######.
 Shatter                  Erth           #.........   100%        9    #######


Dungeon Overview and Level Annotations

Branches:
Dungeon (11/15)            Temple (1/1) D:5            Lair (0/6) D:9
  Sewer (visited)         Ossuary (visited)
    Orc: D:9-12

Altars:
Ashenzari
Cheibriados
Dithmenos
Gozag
Hepliaklqana
Kikubaaqudgha
Makhleb
Nemelex Xobeh
Okawaru
Qazlal
Ru
Sif Muna
Trog
Uskayaw
Vehumet
Wu Jian
Xom
Yredelemnul
Zin
The Shining One

Shops:
D:8 *   D:10 *

Annotations:
D:3 2 transporters, Zing's ghost, weakling MiFi


Innate Abilities, Weirdness & Mutations

You cannot wear most types of armour.
You are very stealthy in the water. (Stealth+)
You are amphibious.
You can wear up to eight rings at the same time.
You can use your tentacles to constrict eight enemies at once.
Your skin changes colour to match your surroundings (Stealth+).
Your rubbery body absorbs attacks. (AC +1, EV +1)


Message History

Something hits you.
* * * LOW HITPOINT WARNING * * *
Deactivating autopickup; reactivate with Ctrl-A.
The eye of draining gazes at you.
You feel your power leaking away.
You slash the eye of draining! You burn the eye of draining.
You squeeze the eye of draining, but do no damage.
The eye of draining is almost dead.
You hit something. You burn something. You constrict the eye of draining.
Something hits you.
* * * LOW HITPOINT WARNING * * *
You slash the eye of draining! You burn the eye of draining.
You kill the eye of draining!
You closely miss something. Something closely misses you. Something hits you.
* * * LOW HITPOINT WARNING * * *
Something hits you!
* * * LOW HITPOINT WARNING * * *
Something hits you.
You die...

.# #.# #.#
#.# ## #.#
#######..#
#.#
#.........
#.#
#.........
#.#
#...#####.#
#.# #.@.#
#.. #.#
#...#
#..##.#
########
#...#
...#.#
.......#
#...# #.#.#
.......#
#.)##
#...#####
†......#
#### .
#....YY.o
.†.....# ..
##....###
......^#
... ##>..#
# ..<....#


.ooY ##..# # There were no monsters in sight!

Vanquished Creatures
  A two-headed ogre (D:10)
  An unseen horror (D:11)
  Joseph (D:9)
  A gargoyle (D:6)
  2 trolls
  3 hippogriffs
  A spriggan (D:7)
  A yak (D:11)
  A wyvern (D:11)
  A wraith (D:11)
  Grum (D:10)
  2 hungry ghosts
  Edmund (D:5)
  A water moccasin (D:6)
  An eye of draining (D:11)
  2 ice beasts
  A black bear (D:9)
  5 orc warriors
  3 phantoms
  2 necrophages (D:8)
  3 sky beasts
  5 centaurs
  4 ogres
  4 wolves
  3 big kobolds
  2 elf zombies (Ossuary)
  3 bullfrogs
  3 gnoll sergeants
  11 killer bees
  8 wights
  5 electric eels
  A howler monkey (D:6)
  3 lava snakes (D:8)
  A bullfrog zombie (D:10)
  4 crimson imps
  A centaur zombie (Ossuary)
  18 hounds
  A bullfrog skeleton (D:7)
  2 centaur skeletons
  3 gnoll shamans
  7 orc priests
  A jelly (D:6)
  9 orc wizards
  A human zombie (Ossuary)
  2 iguanas (D:7)
  Ijyb (D:3)
  5 worker ants
  Natasha (thrice) (D:3)
  2 hound zombies (Ossuary)
  A hound skeleton (D:11)
  3 mummies (Ossuary)
  15 adders
  27 gnolls
  A river rat (Sewer)
  3 shadow imps
  4 oozes
  3 adder skeletons
  4 adder zombies (Ossuary)
  A worm (D:5)
  3 dart slugs
  10 leopard geckos
  40 orcs
  7 bats
  3 giant cockroaches
  6 hobgoblins
  19 jackals
  20 kobolds
  6 quokkas
  2 ball pythons (D:5)
  4 frilled lizards
  A gnoll zombie (Ossuary)
  8 goblins
  2 goblin zombies (Ossuary)
  7 hobgoblin zombies (Ossuary)
  6 jackal zombies (Ossuary)
  A kobold zombie (Ossuary)
  A leopard gecko zombie (D:5)
  An orc zombie (Ossuary)
  A quokka skeleton (D:3)
  5 quokka zombies (Ossuary)
  19 rats
  A rat zombie (Ossuary)
383 creatures vanquished.

Vanquished Creatures (others)
  An orc priest (D:6)
  A gnoll shaman (D:6)
  An iguana (D:6)
  An adder (D:6)
  4 gnolls (D:6)
  A plant (D:5)
9 creatures vanquished.

Grand Total: 392 creatures vanquished

Notes
Turn   | Place    | Note
-------+----------+-------------------------------------------
     0 | D:1      | Ijustatesigmund the Octopode Gladiator began the quest for
                  | the Orb.
     0 | D:1      | Reached XP level 1. HP: 14/14 MP: 1/1
    94 | D:1      | Reached XP level 2. HP: 18/19 MP: 2/2
   560 | D:1      | Reached XP level 3. HP: 22/25 MP: 3/3
  1199 | D:1      | Reached skill level 3 in Fighting
  1259 | D:1      | Reached XP level 4. HP: 31/31 MP: 4/4
  1675 | D:2      | Found a bloodstained altar of Trog.
  1916 | D:2      | Found a hazy altar of Hepliaklqana.
  1920 | D:2      | Found a glowing golden altar of the Shining One.
  1921 | D:2      | Found a shadowy altar of Dithmenos.
  1921 | D:2      | Found an opulent altar of Gozag.
  1923 | D:2      | Found a hide-covered altar of Uskayaw.
  2348 | D:3      | Noticed a small abomination
  2349 | D:3      | Found a transporter.
  2382 | D:3      | Found a transporter.
  2385 | D:3      | Noticed Zing's ghost (weakling MiFi)
  2391 | D:3      | Noticed Ijyb
  2394 | D:3      | Noticed Natasha
  2403 | D:3      | Killed Ijyb
  2403 | D:3      | Reached XP level 5. HP: 18/36 MP: 5/5
  2403 | D:3      | Killed Natasha
  2429 | D:3      | Noticed Natasha
  2440 | D:3      | Killed Natasha
  2440 | D:3      | Reached skill level 4 in Fighting
  2815 | D:3      | Noticed Natasha
  2980 | D:3      | HP: 1/37 [orc priest/divine providence (13)]
  2983 | D:3      | Reached skill level 5 in Axes
  2983 | D:3      | Reached XP level 6. HP: 31/44 MP: 6/6
  3382 | D:3      | Killed Natasha
  3813 | D:4      | Reached skill level 12 in Fighting
  3813 | D:4      | Reached XP level 7. HP: 22/63 MP: 7/7
  3989 | D:4      | Found a glowing drain.
  4005 | Sewer    | Entered a sewer
  4299 | Sewer    | Reached XP level 8. HP: 70/70 MP: 8/8
  4315 | Sewer    | Found a white marble altar of Elyvilon.
  5147 | D:4      | Found a shimmering blue altar of Sif Muna.
  5212 | D:5      | Entered Level 5 of the Dungeon
  5310 | D:5      | Found a shattered altar of Ashenzari.
  5682 | D:5      | Found a staircase to the Ecumenical Temple.
  5779 | D:5      | Reached XP level 9. HP: 7/75 MP: 9/9
  6277 | D:5      | Identified the Papyrus of Ashen Aid
  6295 | D:5      | Noticed Edmund
  6306 | D:5      | Killed Edmund
  6306 | D:5      | Reached skill level 5 in Dodging
  6826 | D:6      | Found a sand-covered staircase.
  6837 | Ossuary  | Entered an ossuary
  7707 | D:6      | Noticed a gargoyle
  7720 | D:6      | Killed a gargoyle
  7878 | D:6      | Found an ornate altar of the Wu Jian Council.
  8123 | D:6      | Found a glowing silver altar of Zin.
  8474 | D:6      | Found a shimmering altar of Xom.
  9520 | D:7      | Reached XP level 10. HP: 81/81 MP: 10/10
 10173 | D:7      | Found a sacrificial altar of Ru.
 10669 | Temple   | Entered the Ecumenical Temple
 10814 | Temple   | Became a worshipper of Cheibriados the Contemplative
 10917 | D:8      | Found Hygommuk's Mass Market.
 11183 | D:8      | Found a stormy altar of Qazlal.
 11341 | D:8      | Reached skill level 1 in Invocations
 12196 | D:8      | Found a basalt altar of Yredelemnul.
 12377 | D:9      | Noticed Joseph
 12383 | D:9      | Killed Joseph
 12714 | D:9      | Found a staircase to the Lair.
 12717 | D:9      | Reached * piety under Cheibriados
 12740 | D:9      | Reached XP level 11. HP: 28/87 MP: 4/13
 12761 | D:10     | Entered Level 10 of the Dungeon
 13224 | D:9      | Found an iron altar of Okawaru.
 13667 | D:10     | Found Lugrucy's Demolitions Depot.
 13682 | D:10     | Reached ** piety under Cheibriados
 13825 | D:10     | Identified the +7 flail "Dragonbane" {elec, Dex+8 Stlth-}
 14218 | D:10     | Reached skill level 5 in Invocations
 14230 | D:10     | Reached *** piety under Cheibriados
 14516 | D:10     | Reached skill level 10 in Axes
 15285 | D:10     | Noticed Grum
 15289 | D:10     | Killed Grum
 15617 | D:10     | Noticed a two-headed ogre
 15761 | D:10     | Reached **** piety under Cheibriados
 16124 | D:10     | Killed a two-headed ogre
 16303 | D:11     | Killed an unseen horror
 17025 | D:11     | Noticed a two-headed ogre
 17034 | D:11     | HP: 4/87 [something (10)]
 17034 | D:11     | Slain by an unseen horror

Illustrated notes

Levels and vault maps discovered:
D:1:      onia_arrival_handbag, layout_basic
D:2:      layout_basic, overflow_temple_1_default, minitemple, first_ration
D:3:      layout_basic, gammafunk_ghost_abyssal_escape, kennysheep_another_room,
          kennysheep_generic_room_12, uniq_ijyb, uniq_natasha
D:4:      layout_basic, lemuel_blue_sif_altar, cheibrodos_sewer_entry_drain
D:5:      layout_basic, ashenzari_altar_1, minmay_temple_entry_gardened_gates,
          st_stairs_14, saegor_snake_ambush, uniq_edmund
D:6:      layout_cave_pods, nicolae_overflow_hidden_temple, zin_academy,
          enter_ossuary_3, xom_confusion_cloud
D:7:      layout_basic, lemuel_doored_altar, the_bakery
D:8:      layout_loops_corners, kennysheep_mini_moat, basic_altar,
          moated_statue, minmay_holes, minmay_shop_mass, kennysheep_boxes
D:9:      layout_roguey, okawaru_ov_weapons_minmay, erik_lair_island,
          uniq_joseph
D:10:     layout_cave_pools, serial_gnoll_camp, gnoll_camp_mini_sergeant,
          grums_kennel, gnoll_camp_mini_hut, gnoll_camp_huts_moat,
          nicolae_blasting_shop
D:11:     layout_basic, hiddenorc1_lemuel, chequers_arboretum
Temple:   jpeg_temple_island

Skill      XL: |  1  2  3  4  5  6  7  8  9 10 11 |
---------------+----------------------------------+-----
Fighting       | 3 4 12 | 12.9
Axes           | 4 5 6 7 9 10 | 10.9
Dodging        | 4 6 7 |  7.3
Invocations    | 3 7 |  7.5
Throwing       | |  2.0
Stealth        | |  0.2

Action                   |  1- 3 |  4- 6 |  7- 9 | 10-12 || total
-------------------------+-------+-------+-------+-------++-------
Melee: War axe           |    65 |    90 |   292 |   307 ||   754
       Tentacles         |    10 |    15 |    57 |    92 ||   174
       Constrict         |    15 |    22 |    66 |    70 ||   173
Throw: Throwing net      |       |       |     3 |     1 ||     4
Invok: Slouch            |       |       |       |     1 ||     1
Evoke: Wand              |       |       |       |    19 ||    19
  Use: Scroll            |       |     9 |    11 |    12 ||    32
       Potion            |       |     4 |     6 |     3 ||    13
 Stab: Sleeping          |    13 |    11 |    16 |    10 ||    50
       Distracted        |     1 |       |     2 |     1 ||     4
       Held in net/web   |       |       |     1 |     1 ||     2
       Paralysed         |       |       |       |     6 ||     6
       Invisible         |       |       |       |     3 ||     3
  Eat: Chunk             |     1 |     8 |    15 |    11 ||    35
       Ration            |       |       |     3 |     2 ||     5
Armor: Skin              |     4 |     7 |    19 |    24 ||    54
Dodge: Dodged            |    38 |    75 |   233 |   404 ||   750
